 Dungeon Crawl Stone Soup version 0.24-a0-381-g637bb38 (webtiles) character file.

Game seed: 1296729949052021229

100 AlmondAAA the Gusty (level 4, 0/30 HPs)
             Began as a Demonspawn Air Elementalist on June 4, 2019.
             Was an Initiate of Nemelex Xobeh.
             Killed from afar by an orc wizard (9 damage)
             ... with a magic dart
             ... on level 3 of the Dungeon.
             The game lasted 00:05:55 (2595 turns).

AlmondAAA the Gusty (Demonspawn Air Elementalist)   Turns: 2595, Time: 00:05:58

Health: 0/30       AC:  3    Str:  9    XL:     4   Next: 47%
Magic:  3/7        EV: 12    Int: 17    God:    Nemelex Xobeh [......]
Gold:   135        SH:  0    Dex: 13    Spells: 6/7 levels left

rFire    . . .     SeeInvis .   e - +0 hand axe
rCold    + . .     Gourm    .   (no shield)
rNeg     . . .     Faith    .   i - +0 leather armour
rPois    .         Spirit   .   (no helmet)
rElec    .         Reflect  .   (no cloak)
rCorr    .         Harm     .   (no gloves)
MR       .....                  (no boots)
Stlth    ++........             (no amulet)
HPRegen  0.10/turn              (no ring)
MPRegen  0.10/turn              (no ring)

@: no status effects
A: cold resistance 1, sturdy frame 1
a: Draw Escape, Draw Destruction, Draw Summoning, Renounce Religion


You were on level 3 of the Dungeon.
You worshipped Nemelex Xobeh.
Nemelex Xobeh was noncommittal.
You were hungry.

You visited 1 branch of the dungeon, and saw 3 of its levels.

You collected 135 gold pieces.

Inventory:

Hand Weapons
 e - a +0 hand axe (weapon)
Missiles
 m - 12 poisoned darts (quivered)
Armour
 a - a +0 robe
 i - a +0 leather armour (worn)
Wands
 n - a wand of scattershot (8)
Scrolls
 b - 2 scrolls of blinking
 d - a scroll of enchant armour {unknown}
 f - 2 scrolls of immolation {unknown}
 g - a scroll of remove curse {unknown}
 j - 2 scrolls of teleportation {unknown}
 p - a scroll of fog {unknown}
Potions
 h - a potion of curing
 k - a potion of cancellation {unknown}
 q - a potion of brilliance {unknown}
Comestibles
 c - 6 rations


   Skills:
 - Level 1.7 Dodging
 - Level 1.7 Stealth
 + Level 2.3 Spellcasting
 + Level 1.5 Conjurations
 + Level 4.3 Air Magic
 + Level 1.4 Invocations


You had 6 spell levels left.
You knew the following spells:

 Your Spells              Type           Power        Failure   Level  Hunger
a - Shock                 Conj/Air       ##..         6%          1    #......

Your spell library contained the following spells:

 Spells                   Type           Power        Failure   Level  Hunger
 Swiftness                Chrm/Air       #.......     12%         2    ###....
 Static Discharge         Conj/Air       ##......     19%         3    ###....
 Airstrike                Air            ###.......   32%         4    #####..
 Lightning Bolt           Conj/Air       ##........   86%         5    ######.


Dungeon Overview and Level Annotations

Branches:
Dungeon (3/15)

Altars:
Fedhas
Nemelex Xobeh
Qazlal
The Shining One

Annotations:
D:2 exclusion: oklob plant


Innate Abilities, Weirdness & Mutations

Your flesh is cold resistant. (rC+)
Your movements are slightly less encumbered by armour. (ER -2)


Message History

Press: ? - help, Shift-Dir - straight line The zap hits the orc wizard.
The orc wizard is moderately wounded.
The zap hits the orc wizard.
The orc wizard is heavily wounded.
The orc wizard points at you and mumbles some strange words.
The magic dart hits you.
* * * LOW HITPOINT WARNING * * *
Casting: Shock (safe; 6% risk of failure)
Confirm with . or Enter, or press ? or * to list all spells.
Aiming: Shock (safe; 6% risk of failure)
Press: ? - help, Shift-Dir - straight line The zap hits the orc wizard.
The orc wizard is severely wounded.
The zap hits the orc wizard.
The orc wizard is almost dead.
The orc wizard casts a spell at you. The magic dart hits you!
You die...
Your body disappears without a glow.

##### ....##############
## ............#..... .#
##............#####.#
........<...........#
##.########.######..#.#...
#.# ######.# #)........
##.# #.†....#####o###.####
#..# #.####.....@## #.##
#.# #####.## #.# #.# #.#
#.# #.# #.# #.# #)# ##.
#.# ### # #.# #.# #.#


You could see an orc wizard.

Vanquished Creatures
  A worker ant (D:2)
  An adder (D:2)
  2 worms (D:2)
  A dart slug (D:1)
  A leopard gecko (D:2)
  2 orcs (D:3)
  5 bats
  4 giant cockroaches
  11 goblins
  5 hobgoblins
  4 jackals (D:2)
  4 kobolds
  2 quokkas
  7 frilled lizards
  3 rats (D:2)
53 creatures vanquished.

Notes
Turn   | Place    | Note
-------+----------+-------------------------------------------
     0 | D:1      | AlmondAAA the Demonspawn Air Elementalist began the quest
                  | for the Orb.
     0 | D:1      | Reached XP level 1. HP: 13/13 MP: 3/3
    93 | D:1      | Reached skill level 3 in Air Magic
   187 | D:1      | Gained mutation: Your movements are slightly less
                  | encumbered by armour. (ER -2) [demonic ancestry]
   187 | D:1      | Reached XP level 2. HP: 19/19 MP: 0/5
   695 | D:2      | Found a sparkling altar of Nemelex Xobeh.
   700 | D:2      | Became a worshipper of Nemelex Xobeh the Trickster
   717 | D:2      | Reached skill level 4 in Air Magic
   717 | D:2      | Gained mutation: Your flesh is cold resistant. (rC+)
                  | [demonic ancestry]
   717 | D:2      | Reached XP level 3. HP: 7/24 MP: 0/6
  1373 | D:2      | Reached XP level 4. HP: 16/30 MP: 1/7
  1512 | D:2      | Received a gift from Nemelex Xobeh
  1535 | D:2      | Found a glowing golden altar of the Shining One.
  1592 | D:2      | Reached skill level 1 in Invocations
  1923 | D:2      | Found a blossoming altar of Fedhas.
  1952 | D:2      | Noticed an oklob plant
  2161 | D:2      | Found a stormy altar of Qazlal.
  2595 | D:3      | Killed from afar by an orc wizard

Levels and vault maps discovered:
D:1:      eino_arrival_tree_alley, layout_rooms
D:2:      layout_loops_ring, old_standard_altar,
          nemelex_xobeh_ov_fountains_minmay, tgw_fedhas, lemuel_crystal_altar,
          kennysheep_pointless_box
D:3:      minmay_inner_zag, layout_loops_ring, first_ration,
          lightli_sewer_entry_pipes, hangedman_decor_peaks_small,
          minmay_quantized

Skill      XL: |  1  2  3  4 |
---------------+-------------+-----
Air Magic      | 3 4 |  4.3
Invocations    | 1 |  1.4
Dodging        | |  1.7
Stealth        | |  1.7
Spellcasting   | |  2.3
Conjurations   | |  1.5

Action                   |  1- 3 |  4- 6 || total
-------------------------+-------+-------++-------
Melee: Unarmed           |     3 |       ||     3
       Hand axe          |    39 |    45 ||    84
 Cast: Shock             |    49 |    35 ||    84
  Use: Scroll            |       |     2 ||     2
 Stab: Sleeping          |       |     1 ||     1
  Eat: Chunk             |     2 |     4 ||     6
Armor: Robe              |    13 |       ||    13
       Leather armour    |       |    14 ||    14
Dodge: Dodged            |    46 |    54 ||   100

Table legend:
 A = Non-vault XP
 B = Vault XP
 C = Vault XP percentage of total XP
 D = Non-vault monster count
 E = Vault monster count
 F = Vault count percentage of total count
                 A         B        C        D         E       F
            +---------+---------+-------+---------+---------+-------
      Total |     144 |       0 |   0.0 |      53 |       0 |   0.0
            +---------+---------+-------+---------+---------+-------
        D:1 |      34 |       0 |   0.0 |      18 |       0 |   0.0
        D:2 |     102 |       0 |   0.0 |      32 |       0 |   0.0
        D:3 |       8 |       0 |   0.0 |       3 |       0 |   0.0
            +---------+---------+-------+---------+---------+-------
